Kings vs Predators
Created - July 11, 2022 at 23:51
Goals
|
Kings |
1 |
1 |
3 |
5 |
Predators |
1 |
0 |
1 |
2 |
|
Shots
|
Kings |
15 |
7 |
13 |
35 |
Predators |
12 |
3 |
14 |
29 |
|
1st period
1. Predators , Jack Eichel 1 (Brad Boyes 1, Alexander Edler 1) at 3:39
2. Kings , Kyle Clifford 1 (Nathan MacKinnon 1, Damon Severson 1) at 10:37
Penalties :
Max Friberg (L.A) for Roughing (Minor) at 7:41, Jack Eichel (Nas) for Boarding (Minor) at 16:17
2nd period
3. Kings , Jared Cowen 1 (Teuvo Teravainen 1, Nathan MacKinnon 2) at 3:04
Penalties :
Brendan Gallagher (Nas) for Hooking (Minor) at 3:21, Derek Boogaard (L.A) for Hooking (Minor) at 11:25, Scott Laughton (Nas) for Hooking (Minor) at 14:20
3rd period
4. Kings , Teuvo Teravainen 1 (Kyle Clifford 1, Aaron Ekblad 1) at 3:55
5. Kings , Kyle Clifford 2 (Nathan MacKinnon 3) at 5:46
6. Predators , Mark Pysyk 1 (Chris Higgins 3, Ryan Mcdonagh 1) at 11:56
7. Kings , David Pastrnak 1 (Aaron Ekblad 2) at 12:48
Penalties :
Max Friberg (L.A) for Roughing (Minor) at 8:20, Ryan Kesler (Nas) for Interference (Minor) at 16:51
Goalie Stats
Andrei Vasilevskiy (L.A), 27 saves from 29 shots - (0.931), W, 1-0-0, 60:00 minutes
Kari Lehtonen (Nas), 30 saves from 35 shots - (0.857), L, 1-1-0, 60:00 minutes
Players Stats for Kings
Player Name G A P +/- PIM S H SB GA TA FO MP PP MP PK MP
------------------------------------------------------------------------------------
Aaron Ekblad 0 2 2 3 0 1 2 1 0 0 0/0 15:16 0:00 0:02
Brady Skjei 0 0 0 1 0 2 4 0 0 1 0/0 24:42 4:22 2:30
Cody Franson 0 0 0 0 0 0 0 0 0 2 0/0 12:44 0:00 2:56
Damon Severson 0 1 1 -1 0 0 1 1 0 0 0/0 12:17 0:00 0:29
David Pastrnak 1 0 1 0 0 4 0 1 1 1 0/0 17:24 4:39 0:00
Derek Boogaard 0 0 0 -1 2 1 1 0 0 0 0/0 13:25 0:00 0:27
Drew Stafford 0 0 0 0 0 0 1 1 0 0 0/2 9:56 0:00 2:02
Jake Guentzel 0 0 0 0 0 0 3 0 0 0 0/1 18:09 4:39 0:23
Jared Cowen 1 0 1 0 0 2 2 2 2 3 0/0 27:32 3:34 2:58
Kyle Clifford 2 1 3 4 0 3 2 1 0 0 0/0 18:54 3:17 3:08
Max Friberg 0 0 0 0 4 0 1 0 0 0 0/0 8:31 0:00 0:32
Mikko Rantanen 0 0 0 -1 0 2 2 0 0 0 0/1 12:30 0:00 0:00
Nathan MacKinnon 0 3 3 4 0 3 4 0 1 0 8/17 17:29 4:39 0:24
Pavel Datsyuk 0 0 0 0 0 1 1 0 0 1 1/2 8:04 0:00 0:00
Ryan O'Reilly 0 0 0 0 0 4 1 0 0 1 7/17 20:26 3:34 3:08
Sean Monahan 0 0 0 -1 0 3 0 1 0 0 2/8 18:01 3:17 1:50
Seth Jones 0 0 0 3 0 6 1 1 1 1 0/0 22:54 4:22 2:59
Teuvo Teravainen 1 1 2 4 0 3 1 1 0 0 0/0 15:46 3:17 0:00
Players Stats for Predators
Player Name G A P +/- PIM S H SB GA TA FO MP PP MP PK MP
------------------------------------------------------------------------------------
Alexander Edler 0 1 1 -1 0 1 2 1 0 0 0/0 27:03 2:52 5:12
Alexander Ovechkin 0 0 0 -3 0 5 1 1 0 0 1/1 20:04 2:40 1:41
Andy Miele 0 0 0 -3 0 3 0 0 0 0 14/23 20:38 2:39 2:26
Brad Boyes 0 1 1 0 0 1 1 0 0 0 0/0 11:53 0:05 0:00
Brendan Gallagher 0 0 0 0 2 1 0 2 1 0 0/1 17:27 3:13 3:28
Chris Higgins 0 1 1 0 0 1 0 0 0 0 0/0 7:50 0:00 0:00
Denis Grebeshkov 0 0 0 -2 0 1 0 0 1 0 0/0 11:24 0:00 0:00
Jack Eichel 1 0 1 0 2 3 0 0 0 0 2/4 13:33 0:05 1:32
Jaden Schwartz 0 0 0 0 0 1 1 0 2 0 6/7 18:48 3:13 4:46
John Moore 0 0 0 0 0 0 2 0 1 0 0/0 21:33 3:05 2:44
Justin Abdelkader 0 0 0 0 0 0 1 0 1 0 0/1 11:19 0:00 0:00
Justin Faulk 0 0 0 0 0 1 0 0 2 2 0/0 21:33 3:05 2:44
Mark Pysyk 1 0 1 0 0 3 2 1 0 1 0/0 9:45 0:00 1:51
Mikael Granlund 0 0 0 -3 0 2 0 0 1 0 0/0 18:19 2:43 0:00
Nate Schmidt 0 0 0 -2 0 1 0 1 0 1 0/0 11:24 0:00 0:00
Ryan Kesler 0 0 0 0 2 2 1 0 0 0 6/10 14:33 3:13 0:08
Ryan Mcdonagh 0 1 1 -1 0 2 1 1 1 1 0/0 27:03 2:52 5:12
Scott Laughton 0 0 0 0 2 1 0 0 0 0 1/1 7:51 0:00 0:00
3 Stars
1 - Kyle Clifford (L.A)
2 - Nathan MacKinnon (L.A)
3 - Teuvo Teravainen (L.A)
Power Play
Kings - 0 on 4 Attempt(s) - 0.00%
Predators - 0 on 3 Attempt(s) - 0.00%
Penalty Kill
Kings - 3 on 3 Attempt(s) - 100.00%
- Score 0 goal in Penalty Kill
Predators - 4 on 4 Attempt(s) - 100.00%
- Score 0 goal in Penalty Kill
Team Stat
Kings - Hits : 27 - Faceoff Wins : 18 - Blocked Shots : 10 - Penalty Minutes : 6
Predators - Hits : 12 - Faceoff Wins : 30 - Blocked Shots : 7 - Penalty Minutes : 8
Official
Referees : Ian Walsh and Brad Meier
Linesman : Steve Barton and Mark Shewchyk
Game Notes
No Game Note
Finance
Level 1 -- Attendance: 6000 (100.00%) -- Ticket Income $600,000
Level 2 -- Attendance: 5000 (100.00%) -- Ticket Income $300,000
Level 3 -- Attendance: 2000 (100.00%) -- Ticket Income $70,000
Level 4 -- Attendance: 4000 (100.00%) -- Ticket Income $100,000
Luxury Box -- Attendance: 1000 (100.00%) -- Ticket Income $200,000
Game was played at the Bridgestone arena.
Total Attendance: 18000 (100.00%)
Total Ticket Income: $1,270,000
Other Income: $190,500
Total Income: $1,460,500
Kings
5 vs 5 Forward
Center Left Wing Right Wing Time % Phy DF OF
1 Nathan MacKinnon Kyle Clifford Teuvo Teravainen 33 1 2 2
2 Ryan O'Reilly Jake Guentzel David Pastrnak 33 1 2 2
3 Sean Monahan Derek Boogaard Mikko Rantanen 33 1 2 2
4 Pavel Datsyuk Max Friberg Drew Stafford 1 1 2 2
5 vs 5 Defense
Defense Defense Time % Phy DF OF
1 Jared Cowen Brady Skjei 40 1 2 2
2 Seth Jones Aaron Ekblad 40 1 2 2
3 Cody Franson Damon Severson 10 1 2 2
4 Jared Cowen Damon Severson 10 1 2 2
PowerPlay Forward
Center Left Wing Right Wing Time % Phy DF OF
1 Nathan MacKinnon Jake Guentzel David Pastrnak 55 1 2 2
2 Sean Monahan Kyle Clifford Teuvo Teravainen 45 1 2 2
PowerPlay Defense
Defense Defense Time % Phy DF OF
1 Seth Jones Brady Skjei 60 1 2 2
2 Ryan O'Reilly Jared Cowen 40 1 2 2
Penalty Kill 4 Players Forward
Center Wing Time % Phy DF OF
1 Ryan O'Reilly Kyle Clifford 60 3 2 0
2 Drew Stafford Max Friberg 40 3 2 0
Penalty Kill 4 Players Defense
Defense Defense Time % Phy DF OF
1 Jared Cowen Cody Franson 60 2 3 0
2 Seth Jones Brady Skjei 40 2 3 0
Penalty Kill - 3 Players Forward
Forward Time % Phy DF OF
1 Kyle Clifford 60 3 2 0
2 Ryan O'Reilly 40 3 2 0
Penalty Kill - 3 Players Defense
Defense Defense Time % Phy DF OF
1 Jared Cowen Cody Franson 60 2 3 0
2 Seth Jones Brady Skjei 40 2 3 0
4 vs 4 Forward
Center Wing Time % Phy DF OF
1 Ryan O'Reilly Teuvo Teravainen 60 1 2 2
2 Sean Monahan Kyle Clifford 40 1 2 2
4 vs 4 Defense
Defense Defense Time % Phy DF OF
1 Jared Cowen Brady Skjei 60 1 2 2
2 Seth Jones Cody Franson 40 1 2 2
Last Minutes Offensive
Center Left Wing Right Wing Defense Defense
Nathan MacKinnon Kyle Clifford David Pastrnak Seth Jones Brady Skjei
Last Minutes Defensive
Center Left Wing Right Wing Defense Defense
Ryan O'Reilly Kyle Clifford Drew Stafford Jared Cowen Seth Jones
Goaltenders
Starting : Andrei Vasilevskiy
Backup : Cam Talbot
Extra Forwards
Normal : Sean Monahan, Nathan MacKinnon, Ryan O'Reilly - PP : Mikko Rantanen, Drew Stafford - PK : Sean Monahan
Extra Defensemen
Normal : Aaron Ekblad, Damon Severson, Seth Jones - PP : Aaron Ekblad - PK : Damon Severson, Seth Jones
Penalty Shots
Mikko Rantanen, Sean Monahan, David Pastrnak, Teuvo Teravainen, Ryan O'Reilly
Scratches
Clarke MacArthur (Healthy), Darroll Powe (Healthy), Jonathan Sigalet (Healthy), Tim Connolly (Healthy), Jean-Francois Berube (Healthy)
Predators
5 vs 5 Forward
Center Left Wing Right Wing Time % Phy DF OF
1 Andy Miele Alexander Ovechkin Mikael Granlund 40 1 2 2
2 Ryan Kesler Jaden Schwartz Brendan Gallagher 30 1 2 2
3 Jack Eichel Justin Abdelkader Brad Boyes 20 1 2 2
4 Scott Laughton Chris Higgins Mark Pysyk 10 1 2 2
5 vs 5 Defense
Defense Defense Time % Phy DF OF
1 Ryan Mcdonagh Alexander Edler 40 1 2 2
2 John Moore Justin Faulk 30 1 2 2
3 Nate Schmidt Denis Grebeshkov 20 1 2 2
4 Ryan Mcdonagh Alexander Edler 10 1 2 2
PowerPlay Forward
Center Left Wing Right Wing Time % Phy DF OF
1 Andy Miele Alexander Ovechkin Mikael Granlund 60 1 2 2
2 Ryan Kesler Jaden Schwartz Brendan Gallagher 40 1 2 2
PowerPlay Defense
Defense Defense Time % Phy DF OF
1 Ryan Mcdonagh Alexander Edler 60 1 2 2
2 John Moore Justin Faulk 40 1 2 2
Penalty Kill 4 Players Forward
Center Wing Time % Phy DF OF
1 Jaden Schwartz Brendan Gallagher 60 1 2 2
2 Andy Miele Mark Pysyk 40 1 2 2
Penalty Kill 4 Players Defense
Defense Defense Time % Phy DF OF
1 Ryan Mcdonagh Alexander Edler 60 1 2 2
2 John Moore Justin Faulk 40 1 2 2
Penalty Kill - 3 Players Forward
Forward Time % Phy DF OF
1 Andy Miele 60 1 2 2
2 Jaden Schwartz 40 1 2 2
Penalty Kill - 3 Players Defense
Defense Defense Time % Phy DF OF
1 Ryan Mcdonagh Alexander Edler 60 1 2 2
2 John Moore Justin Faulk 40 1 2 2
4 vs 4 Forward
Center Wing Time % Phy DF OF
1 Mikael Granlund Alexander Ovechkin 60 1 2 2
2 Jaden Schwartz Brendan Gallagher 40 1 2 2
4 vs 4 Defense
Defense Defense Time % Phy DF OF
1 Ryan Mcdonagh Alexander Edler 60 1 2 2
2 John Moore Justin Faulk 40 1 2 2
Last Minutes Offensive
Center Left Wing Right Wing Defense Defense
Ryan Kesler Alexander Ovechkin Mikael Granlund Ryan Mcdonagh Alexander Edler
Last Minutes Defensive
Center Left Wing Right Wing Defense Defense
Ryan Kesler Alexander Ovechkin Mikael Granlund Ryan Mcdonagh Alexander Edler
Goaltenders
Starting : Kari Lehtonen
Backup : Jaroslav Halak
Extra Forwards
Normal : Jack Eichel, Brad Boyes, Scott Laughton - PP : Brad Boyes, Jack Eichel - PK : Jack Eichel
Extra Defensemen
Normal : Denis Grebeshkov, Nate Schmidt, John Moore - PP : Denis Grebeshkov - PK : Nate Schmidt, Denis Grebeshkov
Penalty Shots
Brendan Gallagher, Mikael Granlund, Alexander Ovechkin, Jaden Schwartz, Ryan Mcdonagh
Scratches
Mike Brown (Healthy)
% Time on Ice - Kings
Lines # - Real PCT - Wanted PCT - Time Play
Normal Forward
1 - 28% - 33% - 12:52
2 - 28% - 33% - 12:51
3 - 27% - 33% - 12:30
4 - 17% - 1% - 7:54
Normal Defense
1 - 39% - 40% - 18:05
2 - 35% - 40% - 16:14
3 - 21% - 10% - 9:34
4 - 5% - 10% - 2:14
PP Forward
1 - 59% - 55% - 4:39
2 - 41% - 45% - 3:17
PP Defense
1 - 55% - 60% - 4:22
2 - 45% - 40% - 3:34
PK Forward
1 - 66% - 60% - 3:55
2 - 34% - 40% - 2:02
PK Defense
1 - 50% - 60% - 2:58
2 - 50% - 40% - 2:59
PK3 Forward
1 - 0% - 60%
2 - 0% - 40%
PK3 Defense
1 - 0% - 60%
2 - 0% - 40%
44 Forward
1 - 0% - 60%
2 - 0% - 40%
44 Defense
1 - 0% - 60%
2 - 0% - 40%
Last Minute Offensive - 0:00
Last Minute Defensive - 0:00
Total
Forward - 60:00
Defense - 60:00
|
% Time on Ice - Predators
Lines # - Real PCT - Wanted PCT - Time Play
Normal Forward
1 - 35% - 40% - 16:08
2 - 23% - 30% - 10:50
3 - 25% - 20% - 11:19
4 - 17% - 10% - 7:50
Normal Defense
1 - 37% - 40% - 17:11
2 - 34% - 30% - 15:44
3 - 25% - 20% - 11:24
4 - 4% - 10% - 1:48
PP Forward
1 - 46% - 60% - 2:44
2 - 54% - 40% - 3:13
PP Defense
1 - 48% - 60% - 2:52
2 - 52% - 40% - 3:05
PK Forward
1 - 77% - 60% - 6:05
2 - 23% - 40% - 1:51
PK Defense
1 - 66% - 60% - 5:12
2 - 34% - 40% - 2:44
PK3 Forward
1 - 0% - 60%
2 - 0% - 40%
PK3 Defense
1 - 0% - 60%
2 - 0% - 40%
44 Forward
1 - 0% - 60%
2 - 0% - 40%
44 Defense
1 - 0% - 60%
2 - 0% - 40%
Last Minute Offensive - 0:00
Last Minute Defensive - 0:00
Total
Forward - 60:00
Defense - 60:00
|
Play-by-Play
1st period
0:01 of 1st period - Andy Miele wins face-off versus Nathan MacKinnon in neutral zone.
0:26 of 1st period - Jaden Schwartz is hit by Brady Skjei.
0:50 of 1st period - Snap shot by Sean Monahan.
0:50 of 1st period - Stopped by Kari Lehtonen with a rebound.
1:41 of 1st period - Snap shot by Mikael Granlund.
1:41 of 1st period - Shot Misses the Net.
2:44 of 1st period - Off-side.
2:45 of 1st period - Sean Monahan wins face-off versus Andy Miele in neutral zone.
3:39 of 1st period - Backhand shot by Jack Eichel.
3:39 of 1st period - Goal by Jack Eichel - Kings : 0 - Predators : 1.
3:40 of 1st period - Andy Miele wins face-off versus Mikko Rantanen in neutral zone.
3:51 of 1st period - Snap shot by Mikael Granlund.
3:51 of 1st period - Shot Misses the Net.
4:07 of 1st period - Jaden Schwartz is hit by Damon Severson and loses puck.
4:12 of 1st period - Wrist shot by David Pastrnak.
4:12 of 1st period - Stopped by Kari Lehtonen without a rebound.
4:13 of 1st period - Nathan MacKinnon wins face-off versus Ryan Kesler in Predators zone.
4:42 of 1st period - Wrist shot by Jake Guentzel.
4:42 of 1st period - Shot Blocked by Nate Schmidt.
5:04 of 1st period - Snap shot by Brad Boyes.
5:04 of 1st period - Shot Misses the Net.
5:06 of 1st period - Wrist shot by Ryan Mcdonagh.
5:06 of 1st period - Deflect By Derek Boogaard.
5:06 of 1st period - Stopped by Andrei Vasilevskiy without a rebound.
5:07 of 1st period - Andy Miele wins face-off versus Nathan MacKinnon in Kings zone.
5:16 of 1st period - Snap shot by Nathan MacKinnon.
5:16 of 1st period - Deflect By John Moore.
5:16 of 1st period - Stopped by Kari Lehtonen with a rebound.
5:24 of 1st period - Slapshot by Alexander Ovechkin.
5:24 of 1st period - Stopped by Andrei Vasilevskiy with a rebound.
5:39 of 1st period - Ryan O'Reilly is hit by Ryan Kesler and loses puck.
6:15 of 1st period - Wrist shot by Mikael Granlund.
6:15 of 1st period - Stopped by Andrei Vasilevskiy without a rebound.
6:16 of 1st period - Andy Miele wins face-off versus Nathan MacKinnon in Kings zone.
6:25 of 1st period - Nate Schmidt is hit by Teuvo Teravainen and loses puck.
6:42 of 1st period - Denis Grebeshkov is hit by Jake Guentzel and loses puck.
7:07 of 1st period - Wrist shot by Mikko Rantanen.
7:07 of 1st period - Stopped by Kari Lehtonen with a rebound.
7:41 of 1st period - Minor Penalty to Max Friberg for Roughing.
7:42 of 1st period - Andy Miele wins face-off versus Ryan O'Reilly in Kings zone.
9:41 of 1st period - Penalty to Max Friberg is over, Max Friberg is back on ice.
9:43 of 1st period - Brady Skjei is hit by Alexander Ovechkin.
9:59 of 1st period - Slapshot by Chris Higgins.
9:59 of 1st period - Stopped by Andrei Vasilevskiy with a rebound.
10:01 of 1st period - Snap shot by Mark Pysyk.
10:01 of 1st period - Deflect By Chris Higgins.
10:01 of 1st period - Shot Misses the Net.
10:01 of 1st period - Puck is out of play.
10:02 of 1st period - Jack Eichel wins face-off versus Pavel Datsyuk in Kings zone.
10:37 of 1st period - Wrist shot by Kyle Clifford.
10:37 of 1st period - Goal by Kyle Clifford - Kings : 1 - Predators : 1.
10:38 of 1st period - Andy Miele wins face-off versus Sean Monahan in neutral zone.
10:46 of 1st period - Off-side.
10:47 of 1st period - Andy Miele wins face-off versus Sean Monahan in neutral zone.
10:52 of 1st period - Snap shot by Alexander Ovechkin.
10:52 of 1st period - Stopped by Andrei Vasilevskiy with a rebound.
11:12 of 1st period - Slapshot by Alexander Ovechkin.
11:12 of 1st period - Stopped by Andrei Vasilevskiy with a rebound.
11:52 of 1st period - Andy Miele is hit by Brady Skjei and loses puck.
11:59 of 1st period - Snap shot by Mikko Rantanen.
11:59 of 1st period - Stopped by Kari Lehtonen with a rebound.
12:01 of 1st period - Slapshot by Brady Skjei.
12:01 of 1st period - Stopped by Kari Lehtonen with a rebound.
12:03 of 1st period - Wrist shot by Mikko Rantanen.
12:03 of 1st period - Shot Blocked by Alexander Ovechkin.
12:35 of 1st period - Snap shot by Alexander Ovechkin.
12:35 of 1st period - Shot Misses the Net.
12:43 of 1st period - Slapshot by Sean Monahan.
12:43 of 1st period - Stopped by Kari Lehtonen without a rebound.
12:44 of 1st period - Ryan Kesler wins face-off versus Ryan O'Reilly in Predators zone.
13:12 of 1st period - Off-side.
13:13 of 1st period - Nathan MacKinnon wins face-off versus Jack Eichel in neutral zone.
13:18 of 1st period - Snap shot by Nathan MacKinnon.
13:18 of 1st period - Stopped by Kari Lehtonen with a rebound.
13:20 of 1st period - Snap shot by Kyle Clifford.
13:20 of 1st period - Shot Misses the Net.
13:22 of 1st period - Slapshot by Cody Franson.
13:22 of 1st period - Shot Misses the Net.
13:24 of 1st period - Wrist shot by Nathan MacKinnon.
13:24 of 1st period - Shot Misses the Net.
13:26 of 1st period - Wrist shot by Teuvo Teravainen.
13:26 of 1st period - Stopped by Kari Lehtonen with a rebound.
13:28 of 1st period - Wrist shot by Nathan MacKinnon.
13:28 of 1st period - Stopped by Kari Lehtonen with a rebound.
13:30 of 1st period - Snap shot by Teuvo Teravainen.
13:30 of 1st period - Stopped by Kari Lehtonen without a rebound.
13:31 of 1st period - Ryan O'Reilly wins face-off versus Ryan Kesler in Predators zone.
14:23 of 1st period - Slapshot by Pavel Datsyuk.
14:23 of 1st period - Stopped by Kari Lehtonen with a rebound.
14:25 of 1st period - Slapshot by Seth Jones.
14:25 of 1st period - Stopped by Kari Lehtonen with a rebound.
14:27 of 1st period - Slapshot by Seth Jones.
14:27 of 1st period - Shot Misses the Net.
14:29 of 1st period - Slapshot by Brady Skjei.
14:29 of 1st period - Stopped by Kari Lehtonen with a rebound.
14:50 of 1st period - Ryan Mcdonagh is hit by Brady Skjei and loses puck.
15:05 of 1st period - Snap shot by Chris Higgins.
15:05 of 1st period - Shot Misses the Net.
15:07 of 1st period - Slapshot by Denis Grebeshkov.
15:07 of 1st period - Stopped by Andrei Vasilevskiy with a rebound.
15:09 of 1st period - Snap shot by Scott Laughton.
15:09 of 1st period - Shot Blocked by Jared Cowen.
15:13 of 1st period - Snap shot by Scott Laughton.
15:13 of 1st period - Deflect By Jared Cowen.
15:13 of 1st period - Shot Blocked by Kyle Clifford.
15:13 of 1st period - Puck is out of play.
15:14 of 1st period - Andy Miele wins face-off versus Sean Monahan in Kings zone.
15:17 of 1st period - Snap shot by Alexander Ovechkin.
15:17 of 1st period - Shot Misses the Net.
15:19 of 1st period - Slapshot by Nate Schmidt.
15:19 of 1st period - Stopped by Andrei Vasilevskiy with a rebound.
15:21 of 1st period - Wrist shot by Mikael Granlund.
15:21 of 1st period - Shot Blocked by Seth Jones.
15:23 of 1st period - Slapshot by Andy Miele.
15:23 of 1st period - Stopped by Andrei Vasilevskiy with a rebound.
15:25 of 1st period - Slapshot by Alexander Ovechkin.
15:25 of 1st period - Stopped by Andrei Vasilevskiy with a rebound.
15:27 of 1st period - Wrist shot by Andy Miele.
15:27 of 1st period - Stopped by Andrei Vasilevskiy with a rebound.
16:17 of 1st period - Minor Penalty to Jack Eichel for Boarding.
16:18 of 1st period - Jaden Schwartz wins face-off versus Nathan MacKinnon in Predators zone.
16:30 of 1st period - Backhand shot by Ryan O'Reilly.
16:30 of 1st period - Shot Blocked by Brendan Gallagher.
16:52 of 1st period - Snap shot by Sean Monahan.
16:52 of 1st period - Shot Misses the Net.
16:54 of 1st period - Slapshot by Seth Jones.
16:54 of 1st period - Shot Blocked by Brendan Gallagher.
18:17 of 1st period - Penalty to Jack Eichel is over, Jack Eichel is back on ice.
18:32 of 1st period - Ryan Kesler is hit by Drew Stafford and loses puck.
19:15 of 1st period - Snap shot by Justin Abdelkader.
19:15 of 1st period - Shot Misses the Net.
19:53 of 1st period - Mikko Rantanen is hit by Mark Pysyk and loses puck.
Goals for this period are 1 for Kings vs 1 for Predators.
Shots for this period are 15 for Kings vs 12 for Predators.
2nd period
0:01 of 2nd period - Nathan MacKinnon wins face-off versus Andy Miele in neutral zone.
0:06 of 2nd period - Snap shot by Nathan MacKinnon.
0:06 of 2nd period - Shot Blocked by Alexander Edler.
0:08 of 2nd period - Snap shot by Aaron Ekblad.
0:08 of 2nd period - Deflect By Alexander Edler.
0:08 of 2nd period - Stopped by Kari Lehtonen with a rebound.
0:10 of 2nd period - Snap shot by Seth Jones.
0:10 of 2nd period - Shot Blocked by Ryan Mcdonagh.
1:27 of 2nd period - Drew Stafford is hit by Mark Pysyk and loses puck.
2:27 of 2nd period - Icing by Brady Skjei.
2:28 of 2nd period - Nathan MacKinnon wins face-off versus Andy Miele in Kings zone.
2:28 of 2nd period - Nathan MacKinnon is hit by Ryan Mcdonagh.
2:36 of 2nd period - Wrist shot by Kyle Clifford.
2:36 of 2nd period - Shot Misses the Net.
2:38 of 2nd period - Slapshot by Jared Cowen.
2:38 of 2nd period - Stopped by Kari Lehtonen with a rebound.
3:02 of 2nd period - Snap shot by Teuvo Teravainen.
3:02 of 2nd period - Shot Misses the Net.
3:04 of 2nd period - Slapshot by Jared Cowen.
3:04 of 2nd period - Deflect By Alexander Edler.
3:04 of 2nd period - Goal by Jared Cowen - Kings : 2 - Predators : 1.
3:05 of 2nd period - Ryan O'Reilly wins face-off versus Jaden Schwartz in neutral zone.
3:14 of 2nd period - Snap shot by Ryan O'Reilly.
3:14 of 2nd period - Stopped by Kari Lehtonen without a rebound.
3:15 of 2nd period - Ryan O'Reilly wins face-off versus Ryan Kesler in Predators zone.
3:21 of 2nd period - Minor Penalty to Brendan Gallagher for Hooking.
3:22 of 2nd period - Jaden Schwartz wins face-off versus Nathan MacKinnon in Predators zone.
3:32 of 2nd period - Backhand shot by Seth Jones.
3:32 of 2nd period - Stopped by Kari Lehtonen with a rebound.
3:34 of 2nd period - Wrist shot by Jake Guentzel.
3:34 of 2nd period - Shot Misses the Net.
3:36 of 2nd period - Snap shot by Jake Guentzel.
3:36 of 2nd period - Shot Misses the Net.
3:58 of 2nd period - Snap shot by Sean Monahan.
3:58 of 2nd period - Stopped by Kari Lehtonen without a rebound.
3:59 of 2nd period - Jaden Schwartz wins face-off versus Nathan MacKinnon in Predators zone.
3:59 of 2nd period - Jaden Schwartz is hit by Nathan MacKinnon.
5:21 of 2nd period - Penalty to Brendan Gallagher is over, Brendan Gallagher is back on ice.
5:28 of 2nd period - Snap shot by Jack Eichel.
5:28 of 2nd period - Shot Misses the Net.
5:30 of 2nd period - Slapshot by Nate Schmidt.
5:30 of 2nd period - Shot Blocked by Drew Stafford.
5:32 of 2nd period - Snap shot by Brad Boyes.
5:32 of 2nd period - Shot Misses the Net.
6:10 of 2nd period - John Moore is hit by Aaron Ekblad.
6:33 of 2nd period - Brad Boyes is hit by Aaron Ekblad and loses puck.
8:08 of 2nd period - Snap shot by Cody Franson.
8:08 of 2nd period - Shot Misses the Net.
8:24 of 2nd period - Sean Monahan is hit by John Moore and loses puck.
8:51 of 2nd period - Damon Severson is hit by Justin Abdelkader and loses puck.
9:51 of 2nd period - Alexander Edler is hit by Mikko Rantanen and loses puck.
10:15 of 2nd period - Wrist shot by Ryan Kesler.
10:15 of 2nd period - Deflect By Seth Jones.
10:15 of 2nd period - Stopped by Andrei Vasilevskiy with a rebound.
11:15 of 2nd period - Mikko Rantanen is hit by Brad Boyes and loses puck.
11:25 of 2nd period - Minor Penalty to Derek Boogaard for Hooking.
11:26 of 2nd period - Ryan O'Reilly wins face-off versus Andy Miele in Kings zone.
11:26 of 2nd period - Ryan O'Reilly is hit by John Moore.
11:57 of 2nd period - Justin Faulk is hit by Seth Jones and loses puck.
12:51 of 2nd period - Ryan Kesler is hit by Max Friberg and loses puck.
13:25 of 2nd period - Penalty to Derek Boogaard is over, Derek Boogaard is back on ice.
13:28 of 2nd period - Snap shot by Seth Jones.
13:28 of 2nd period - Stopped by Kari Lehtonen with a rebound.
13:42 of 2nd period - Snap shot by Mark Pysyk.
13:42 of 2nd period - Shot Blocked by Sean Monahan.
13:44 of 2nd period - Backhand shot by Alexander Edler.
13:44 of 2nd period - Stopped by Andrei Vasilevskiy with a rebound.
13:46 of 2nd period - Slapshot by Ryan Mcdonagh.
13:46 of 2nd period - Deflect By Scott Laughton.
13:46 of 2nd period - Shot Misses the Net.
13:46 of 2nd period - Puck is out of play.
13:47 of 2nd period - Pavel Datsyuk wins face-off versus Jack Eichel in Kings zone.
14:14 of 2nd period - Nate Schmidt is hit by Mikko Rantanen and loses puck.
14:20 of 2nd period - Minor Penalty to Scott Laughton for Hooking.
14:21 of 2nd period - Jaden Schwartz wins face-off versus Nathan MacKinnon in Predators zone.
14:47 of 2nd period - Alexander Edler is hit by Kyle Clifford and loses puck.
15:12 of 2nd period - Alexander Edler is hit by Ryan O'Reilly.
16:20 of 2nd period - Penalty to Scott Laughton is over, Scott Laughton is back on ice.
16:45 of 2nd period - Snap shot by Sean Monahan.
16:45 of 2nd period - Shot Misses the Net.
16:47 of 2nd period - Wrist shot by Mikko Rantanen.
16:47 of 2nd period - Shot Blocked by Mark Pysyk.
16:49 of 2nd period - Slapshot by Ryan O'Reilly.
16:49 of 2nd period - Shot Misses the Net.
17:26 of 2nd period - Teuvo Teravainen is hit by Alexander Edler and loses puck.
17:57 of 2nd period - Slapshot by Alexander Ovechkin.
17:57 of 2nd period - Stopped by Andrei Vasilevskiy with a rebound.
18:35 of 2nd period - Justin Faulk is hit by Brady Skjei.
19:19 of 2nd period - Ryan Mcdonagh is hit by Pavel Datsyuk and loses puck.
Goals for this period are 1 for Kings vs 0 for Predators.
Shots for this period are 7 for Kings vs 3 for Predators.
3rd period
0:01 of 3rd period - Andy Miele wins face-off versus Ryan O'Reilly in neutral zone.
0:35 of 3rd period - Snap shot by Brendan Gallagher.
0:35 of 3rd period - Shot Blocked by Jared Cowen.
0:51 of 3rd period - Snap shot by Mikko Rantanen.
0:51 of 3rd period - Shot Misses the Net.
0:53 of 3rd period - Snap shot by Derek Boogaard.
0:53 of 3rd period - Shot Misses the Net.
0:55 of 3rd period - Snap shot by Derek Boogaard.
0:55 of 3rd period - Stopped by Kari Lehtonen with a rebound.
1:26 of 3rd period - Justin Faulk is hit by Nathan MacKinnon.
1:58 of 3rd period - Wrist shot by Ryan O'Reilly.
1:58 of 3rd period - Stopped by Kari Lehtonen with a rebound.
2:06 of 3rd period - Slapshot by Justin Faulk.
2:06 of 3rd period - Deflect By Scott Laughton.
2:06 of 3rd period - Stopped by Andrei Vasilevskiy with a rebound.
2:08 of 3rd period - Wrist shot by Justin Faulk.
2:08 of 3rd period - Shot Blocked by Damon Severson.
2:10 of 3rd period - Wrist shot by Scott Laughton.
2:10 of 3rd period - Shot Misses the Net.
2:42 of 3rd period - Brad Boyes is hit by Nathan MacKinnon.
2:48 of 3rd period - Wrist shot by Jack Eichel.
2:48 of 3rd period - Shot Misses the Net.
2:50 of 3rd period - Slapshot by Brad Boyes.
2:50 of 3rd period - Stopped by Andrei Vasilevskiy with a rebound.
2:52 of 3rd period - Wrist shot by Jack Eichel.
2:52 of 3rd period - Stopped by Andrei Vasilevskiy without a rebound.
2:53 of 3rd period - Ryan Kesler wins face-off versus Jake Guentzel in Kings zone.
2:56 of 3rd period - Snap shot by Jaden Schwartz.
2:56 of 3rd period - Stopped by Andrei Vasilevskiy with a rebound.
3:20 of 3rd period - Nate Schmidt is hit by Derek Boogaard and loses puck.
3:41 of 3rd period - Icing by Ryan Mcdonagh.
3:42 of 3rd period - Nathan MacKinnon wins face-off versus Justin Abdelkader in Predators zone.
3:49 of 3rd period - Snap shot by Kyle Clifford.
3:49 of 3rd period - Shot Misses the Net.
3:53 of 3rd period - Wrist shot by Kyle Clifford.
3:53 of 3rd period - Stopped by Kari Lehtonen with a rebound.
3:55 of 3rd period - Wrist shot by Teuvo Teravainen.
3:55 of 3rd period - Goal by Teuvo Teravainen - Kings : 3 - Predators : 1.
3:56 of 3rd period - Ryan O'Reilly wins face-off versus Andy Miele in neutral zone.
4:22 of 3rd period - Aaron Ekblad is hit by Alexander Edler and loses puck.
4:55 of 3rd period - Snap shot by Jared Cowen.
4:55 of 3rd period - Shot Misses the Net.
5:44 of 3rd period - Icing by Andy Miele.
5:45 of 3rd period - Nathan MacKinnon wins face-off versus Andy Miele in Predators zone.
5:46 of 3rd period - Slapshot by Kyle Clifford.
5:46 of 3rd period - Goal by Kyle Clifford - Kings : 4 - Predators : 1.
5:47 of 3rd period - Andy Miele wins face-off versus Ryan O'Reilly in neutral zone.
6:04 of 3rd period - Alexander Edler is hit by Jake Guentzel.
6:43 of 3rd period - Backhand shot by Scott Laughton.
6:43 of 3rd period - Deflect By Mark Pysyk.
6:43 of 3rd period - Stopped by Andrei Vasilevskiy with a rebound.
6:45 of 3rd period - Snap shot by Nate Schmidt.
6:45 of 3rd period - Shot Misses the Net.
7:07 of 3rd period - Wrist shot by Mikael Granlund.
7:07 of 3rd period - Stopped by Andrei Vasilevskiy without a rebound.
7:08 of 3rd period - Ryan O'Reilly wins face-off versus Ryan Kesler in Kings zone.
7:08 of 3rd period - Ryan O'Reilly is hit by Jaden Schwartz.
8:20 of 3rd period - Minor Penalty to Max Friberg for Roughing.
8:21 of 3rd period - Ryan Kesler wins face-off versus Ryan O'Reilly in Kings zone.
8:35 of 3rd period - Slapshot by John Moore.
8:35 of 3rd period - Shot Misses the Net.
8:37 of 3rd period - Slapshot by Ryan Kesler.
8:37 of 3rd period - Stopped by Andrei Vasilevskiy with a rebound.
9:14 of 3rd period - Slapshot by Seth Jones.
9:14 of 3rd period - Stopped by Kari Lehtonen without a rebound.
9:15 of 3rd period - Andy Miele wins face-off versus Drew Stafford in Predators zone.
10:04 of 3rd period - Icing by Alexander Edler.
10:05 of 3rd period - Ryan Kesler wins face-off versus Drew Stafford in Predators zone.
10:20 of 3rd period - Penalty to Max Friberg is over, Max Friberg is back on ice.
10:28 of 3rd period - Slapshot by David Pastrnak.
10:28 of 3rd period - Stopped by Kari Lehtonen with a rebound.
10:30 of 3rd period - Snap shot by David Pastrnak.
10:30 of 3rd period - Stopped by Kari Lehtonen with a rebound.
10:42 of 3rd period - Wrist shot by Jaden Schwartz.
10:42 of 3rd period - Deflect By Mikael Granlund.
10:42 of 3rd period - Shot Misses the Net.
10:42 of 3rd period - Puck is out of play.
10:43 of 3rd period - Sean Monahan wins face-off versus Andy Miele in Kings zone.
10:57 of 3rd period - Off-side.
10:58 of 3rd period - Andy Miele wins face-off versus Ryan O'Reilly in neutral zone.
11:09 of 3rd period - Wrist shot by Mikael Granlund.
11:09 of 3rd period - Shot Blocked by David Pastrnak.
11:48 of 3rd period - Slapshot by Scott Laughton.
11:48 of 3rd period - Deflect By Seth Jones.
11:48 of 3rd period - Shot Blocked by Aaron Ekblad.
11:48 of 3rd period - Puck is out of play.
11:49 of 3rd period - Scott Laughton wins face-off versus Sean Monahan in Kings zone.
11:56 of 3rd period - Snap shot by Mark Pysyk.
11:56 of 3rd period - Goal by Mark Pysyk - Kings : 4 - Predators : 2.
11:57 of 3rd period - Ryan Kesler wins face-off versus Ryan O'Reilly in neutral zone.
12:08 of 3rd period - Snap shot by Jared Cowen.
12:08 of 3rd period - Deflect By Ryan O'Reilly.
12:08 of 3rd period - Shot Misses the Net.
12:08 of 3rd period - Puck is out of play.
12:09 of 3rd period - Ryan O'Reilly wins face-off versus Andy Miele in Predators zone.
12:20 of 3rd period - Slapshot by Seth Jones.
12:20 of 3rd period - Stopped by Kari Lehtonen without a rebound.
12:21 of 3rd period - Jaden Schwartz wins face-off versus Ryan O'Reilly in Predators zone.
12:32 of 3rd period - Snap shot by Brendan Gallagher.
12:32 of 3rd period - Deflect By Brady Skjei.
12:32 of 3rd period - Stopped by Andrei Vasilevskiy without a rebound.
12:33 of 3rd period - Alexander Ovechkin wins face-off versus Ryan O'Reilly in Kings zone.
12:48 of 3rd period - Wrist shot by David Pastrnak.
12:48 of 3rd period - Goal by David Pastrnak - Kings : 5 - Predators : 2.
12:49 of 3rd period - Ryan Kesler wins face-off versus Nathan MacKinnon in neutral zone.
14:00 of 3rd period - Chris Higgins is hit by Jared Cowen and loses puck.
14:28 of 3rd period - Icing by Jared Cowen.
14:29 of 3rd period - Nathan MacKinnon wins face-off versus Andy Miele in Kings zone.
15:04 of 3rd period - Backhand shot by Jaden Schwartz.
15:04 of 3rd period - Shot Misses the Net.
15:10 of 3rd period - Jaden Schwartz is hit by Kyle Clifford and loses puck.
15:27 of 3rd period - Wrist shot by Jack Eichel.
15:27 of 3rd period - Stopped by Andrei Vasilevskiy without a rebound.
15:28 of 3rd period - Jack Eichel wins face-off versus Ryan O'Reilly in Kings zone.
16:23 of 3rd period - Slapshot by Andy Miele.
16:23 of 3rd period - Shot Misses the Net.
16:25 of 3rd period - Snap shot by Justin Faulk.
16:25 of 3rd period - Stopped by Andrei Vasilevskiy with a rebound.
16:41 of 3rd period - Snap shot by Ryan O'Reilly.
16:41 of 3rd period - Stopped by Kari Lehtonen with a rebound.
16:43 of 3rd period - Snap shot by Ryan O'Reilly.
16:43 of 3rd period - Stopped by Kari Lehtonen with a rebound.
16:45 of 3rd period - Slapshot by Damon Severson.
16:45 of 3rd period - Shot Misses the Net.
16:51 of 3rd period - Minor Penalty to Ryan Kesler for Interference.
16:52 of 3rd period - Jaden Schwartz wins face-off versus Nathan MacKinnon in Predators zone.
16:52 of 3rd period - Jaden Schwartz is hit by Jake Guentzel.
17:19 of 3rd period - Jaden Schwartz is hit by Nathan MacKinnon and loses puck.
17:32 of 3rd period - Wrist shot by David Pastrnak.
17:32 of 3rd period - Shot Misses the Net.
17:34 of 3rd period - Slapshot by David Pastrnak.
17:34 of 3rd period - Shot Misses the Net.
17:36 of 3rd period - Snap shot by Seth Jones.
17:36 of 3rd period - Stopped by Kari Lehtonen without a rebound.
17:37 of 3rd period - Andy Miele wins face-off versus Sean Monahan in Predators zone.
17:42 of 3rd period - Slapshot by Ryan Mcdonagh.
17:42 of 3rd period - Deflect By Kyle Clifford.
17:42 of 3rd period - Stopped by Andrei Vasilevskiy with a rebound.
17:44 of 3rd period - Wrist shot by Mark Pysyk.
17:44 of 3rd period - Stopped by Andrei Vasilevskiy without a rebound.
17:45 of 3rd period - Andy Miele wins face-off versus Sean Monahan in Kings zone.
17:46 of 3rd period - Snap shot by Ryan Mcdonagh.
17:46 of 3rd period - Shot Blocked by Teuvo Teravainen.
17:48 of 3rd period - Wrist shot by Mark Pysyk.
17:48 of 3rd period - Shot Misses the Net.
17:50 of 3rd period - Backhand shot by Alexander Edler.
17:50 of 3rd period - Deflect By Andy Miele.
17:50 of 3rd period - Stopped by Andrei Vasilevskiy without a rebound.
17:51 of 3rd period - Nathan MacKinnon wins face-off versus Brendan Gallagher in Kings zone.
18:51 of 3rd period - Penalty to Ryan Kesler is over, Ryan Kesler is back on ice.
19:44 of 3rd period - Justin Faulk is hit by Jared Cowen and loses puck.
Goals for this period are 3 for Kings vs 1 for Predators.
Shots for this period are 13 for Kings vs 14 for Predators.
Output by the SimonT Hockey Simulator (STHS) for Francois Prevost